 Dungeon Crawl Stone Soup version 0.26-a0-712-ga5a9c9c9d0 (webtiles) character file.

Game seed: 8418479872584771046

17862 GordonOverkill the Thaumaturge (level 12, -8/66 HPs)
             Began as a Spriggan Ice Elementalist on Nov 1, 2020.
             Was an Elder of Vehumet.
             Killed from afar by a lindwurm (36 damage)
             ... with a blast of flame
             ... on level 12 of the Dungeon.
             The game lasted 00:34:31 (14349 turns).

GordonOverkill the Thaumaturge (SpIE)              Turns: 14349, Time: 00:34:32

Health: -8/66      AC:  9    Str:  4    XL:     12   Next: 22%
Magic:  25/29      EV: 18    Int: 20    God:    Vehumet [****..]
Gold:   904        SH:  8    Dex: 20    Spells: 12/36 levels left

rFire    . . .     SeeInvis +   t - +1 dagger (venom)
rCold    . . .     Faith    .   u - +0 buckler
rNeg     . . .     Spirit   .   v - +2 robe {Archmagi}
rPois    .         Reflect  .   k - +2 hat
rElec    .         Harm     .   F - +2 cloak
rCorr    .         Rampage  .   (gloves unavailable)
MR       ++...                  (boots unavailable)
Stlth    ++++......             o - amulet of regeneration
HPRegen  0.61/turn              E - ring of stealth
MPRegen  0.21/turn              H - ring of wizardry

@: flying, very quick
A: very small, unfitting armour, hooves 1, see invisible, agile 1, blink, speed
3, robust 1
a: Blink, Renounce Religion


You were on level 12 of the Dungeon.
You worshipped Vehumet.
Vehumet was greatly pleased with you.
You visited 2 branches of the dungeon, and saw 13 of its levels.

You collected 943 gold pieces.
You spent 39 gold pieces at shops.

Inventory:

Hand Weapons
 t - a +1 dagger of venom (weapon)
Missiles
 p - a throwing net
 y - 3 curare-tipped darts (quivered)
Armour
 k - a +2 hat (worn)
 u - a +0 buckler (worn)
 v - a +2 robe of the Archmagi (worn)
 F - a +2 cloak (worn)
Jewellery
 o - an amulet of regeneration (around neck)
 A - an uncursed ring of fire
 E - a ring of stealth (left hand)
 H - a ring of wizardry (right hand)
Wands
 a - a wand of random effects (20)
 f - a wand of acid (9)
 m - a wand of flame (41)
 I - a wand of paralysis (16)
Scrolls
 c - 3 scrolls of remove curse
 i - 4 scrolls of amnesia
 l - 4 scrolls of magic mapping
 q - 2 scrolls of fog
 s - a scroll of holy word
 B - 3 scrolls of immolation
 C - 5 scrolls of teleportation
 G - a scroll of vulnerability
 L - 3 scrolls of identify
 M - a scroll of fear
Potions
 b - a potion of mutation
 d - 3 potions of heal wounds
 e - 11 potions of curing
 g - 3 potions of cancellation
 h - 4 potions of lignification
 j - a potion of flight
 n - 2 potions of magic
 r - 2 potions of stabbing
 w - 2 potions of haste
 x - a potion of brilliance
 z - 2 potions of invisibility
 D - a potion of resistance
 J - 2 potions of berserk rage {unknown}
 K - a potion of degeneration {unknown}


   Skills:
 - Level 5.0 Fighting
 - Level 3.0 Dodging
 - Level 3.0 Stealth
 + Level 5.0 Shields
 + Level 12.9 Spellcasting
 - Level 5.0 Conjurations
 - Level 5.0 Summonings
 - Level 10.0 Ice Magic
 - Level 3.0 Evocations


You had 12 spell levels left.
You knew the following spells:

 Your Spells              Type           Power        Failure   Level
a - Freeze                Ice            ####         1%          1
b - Frozen Ramparts       Ice            ######       1%          3
c - Hailstorm             Conj/Ice       ######..     1%          4
d - Summon Ice Beast      Ice/Summ       ######..     1%          4
e - Conjure Flame         Conj/Fire      ####....     1%          3
f - Ignite Poison         Fire/Tmut/Pois ###.....     2%          3
g - Freezing Cloud        Conj/Ice/Air   #####.....   13%         6

Your spell library contained the following spells:

 Spells                   Type           Power        Failure   Level
 Shock                    Conj/Air       ####         1%          1
 Summon Small Mammal      Summ           ####         1%          1
 Ozocubu's Armour         Ice            ######..     1%          3
 Static Discharge         Conj/Air       ####....     1%          3
 Stone Arrow              Conj/Erth      ####..       1%          3
 Animate Skeleton         Necr           ###...       2%          1
 Apportation              Tloc           ###...       2%          1
 Beastly Appendage        Tmut           ###...       2%          1
 Corona                   Hex            ###....      2%          1
 Inner Flame              Hex/Fire       ###.....     2%          3
 Corpse Rot               Necr/Air       N/A          3%          2
 Swiftness                Air            ###.....     3%          2
 Wereblood                Tmut           ###.....     3%          2
 Ice Form                 Ice/Tmut       #####...     3%          4
 Airstrike                Air            ###.......   7%          4
 Lightning Bolt           Conj/Air       ####......   7%          5
 Confusing Touch          Hex            ###.....     8%          3
 Gell's Gravitas          Tloc           ###.......   8%          3
 Spider Form              Tmut/Pois      ###.......   8%          3
 Metabolic Englaciation   Hex/Ice        #####.....   9%          5
 Yara's Violent Unravell  Hex/Tmut       ###.......   17%         5
 Petrify                  Tmut/Erth      ###.....     24%         4
 Summon Forest            Summ/Tloc      ####......   24%         5
 Blade Hands              Tmut           ###.......   52%         5
 Summon Hydra             Summ           #####.....   92%         7
 Eringya's Noxious Bog    Tmut/Pois      ###.......   97%         6
 Hydra Form               Tmut           ###.......   97%         6


Dungeon Overview and Level Annotations

Branches:
Dungeon (12/15)            Temple (1/1) D:5            Lair (0/6) D:8
    Orc (0/2) D:9

Altars:
Ashenzari
Cheibriados
Dithmenos
Elyvilon
Fedhas
Gozag
Hepliaklqana
Kikubaaqudgha
Makhleb
Nemelex Xobeh
Okawaru
Qazlal
Ru
Sif Muna
Trog
Uskayaw
Vehumet
Wu Jian
Xom
Yredelemnul
Zin
The Shining One

Shops:
D:7 :(*

Annotations:
D:3 3 runed translucent doors, kharz's ghost, amateur DrTm
D:6 3 runed translucent doors, Efficiency's ghost, novice DDDe


Innate Abilities, Weirdness & Mutations

You are very small and have problems with some larger weapons.
You are too small for most types of armour.
You have supernaturally acute eyesight. (SInv)
You cover ground extremely quickly.
You have large cloven feet.
You are agile. (Dex +2)
You can translocate small distances at will.
You are robust. (+10% HP)


Message History

A lindwurm comes into view.
The lindwurm moves out of view.
The lindwurm breathes flames at you. The blast of flame hits you!!
The lindwurm roars!
Found eleven items.
Found an escape hatch in the floor.
Casting: Summon Ice Beast (dangerous; 1% risk of failure)
Confirm with . or Enter, or press ? or * to list all spells.
You feel a surge of power!
A cannonade of hail descends around you!
The hail pelts the lindwurm!!
The lindwurm is heavily wounded.
The hail pelts the lindwurm!!
The lindwurm is moderately wounded.
The lindwurm breathes flames at you. The blast of flame hits you!!
The lindwurm breathes flames at you. The blast of flame hits you!!!
Ouch! That really hurt!
You die...

..#.'.............§..............
..#.#.............§≈.............
..#.#..........≈≈≈≈§≈≈≈..§..##...
..#.#........≈§§§≈§§≈≈≈≈≈§....###
..#.#.......≈≈§≈≈≈§≈≈≈§≈≈§.......
..#.#+##...§≈≈§§≈≈§§§≈≈≈≈§≈.....[
###........≈≈§§§≈....≈≈§§§≈......
..........≈≈§§§§§.##..§§§≈≈§..###
..........§≈≈≈§§@## #.§≈≈≈≈≈§.##
).........§§≈§..#.?(.#..≈≈≈≈...#
.........≈§§≈≈.##k|k|##.§≈≈≈≈..#
....#'#..§≈≈≈≈.# ?}k$##.§§§≈≈..##
....+(#...§≈≈≈..#."k.#.k≈≈≈≈.....
....#.#...≈§§≈§..####..§≈≈≈≈..###
#####.#...≈§≈≈≈... #...≈§§≈≈.....
......#...§§§≈≈≈≈....≈≈≈§§§..)...
......##...≈≈≈≈≈§≈≈≈≈≈§§≈≈≈......


You could see 4 lindwurms.

Vanquished Creatures
  6 two-headed ogres
  Erica (D:9)
  An ugly thing (D:12)
  A centaur skeleton (D:11)
  2 gargoyles
  4 trolls
  A hornet (D:10)
  Grinder (D:4)
  A vampire (D:11)
  20 yaks
  2 wyverns
  3 wraiths
  3 wargs (D:8)
  Menkaure (D:5)
  An acid dragon (D:12)
  A water moccasin (D:10)
  2 ice beasts
  4 orc warriors
  3 sky beasts
  2 black bears
  2 phantoms
  3 ogres
  A necrophage (D:10)
  10 centaurs
  A bullfrog (D:6)
  2 big kobolds
  A scorpion (D:10)
  5 killer bees (D:8)
  19 wights
  A bullfrog zombie (D:12)
  A crimson imp (D:8)
  Crazy Yiuf (D:7)
  A centaur zombie (D:8)
  3 jellies
  7 orc priests
  8 hounds
  16 orc wizards
  2 bullfrog skeletons
  14 worker ants
  2 iguanas (D:10)
  A hound skeleton (D:3)
  A howler monkey zombie (D:5)
  A worker ant zombie (D:9)
  2 gnolls (D:5)
  16 adders
  3 ufetubi
  3 oozes
  3 worms
  2 dart slugs
  6 leopard geckos
  56 orcs
  3 giant cockroaches
  11 goblins
  9 hobgoblins
  8 jackals
  2 quokkas
  7 bats
  4 frilled lizards
  12 kobolds
  4 rats
314 creatures vanquished.

Vanquished Creatures (collateral kills)
  A cyclops (D:12)
  Sigmund (D:5)
  A sky beast (D:8)
  An ice beast (D:11)
  A necrophage (D:9)
  A centaur (D:5)
  A wyvern zombie (D:6)
  6 wights (D:9)
  3 centaur skeletons
  2 bullfrog zombies
  A worker ant zombie (D:8)
  A gnoll (D:5)
  A jackal skeleton (D:5)
  3 leopard gecko skeletons
24 creatures vanquished.

Vanquished Creatures (others)
  An orc (D:3)
  A fungus (D:7)
2 creatures vanquished.

Grand Total: 340 creatures vanquished

Notes
Turn   | Place    | Note
-------+----------+-------------------------------------------
     0 | D:1      | GordonOverkill the Spriggan Ice Elementalist began the
                  | quest for the Orb.
     0 | D:1      | Reached XP level 1. HP: 9/9 MP: 5/5
   281 | D:1      | Reached skill level 3 in Spellcasting
   282 | D:1      | Reached XP level 2. HP: 13/13 MP: 4/7
  1372 | D:2      | Reached XP level 3. HP: 16/16 MP: 5/8
  1390 | D:2      | Learned a level 3 spell: Frozen Ramparts
  1713 | D:2      | Reached XP level 4. HP: 17/21 MP: 6/10
  1843 | D:2      | Noticed an ogre
  1881 | D:2      | Killed an ogre
  1881 | D:2      | Reached skill level 4 in Spellcasting
  1881 | D:2      | Reached XP level 5. HP: 24/24 MP: 4/12
  2444 | D:3      | Gained mutation: You can translocate small distances at
                  | will. [potion of mutation]
  2444 | D:3      | Gained mutation: You have large cloven feet. [potion of
                  | mutation]
  2444 | D:3      | Gained mutation: You are agile. (Dex +2) [potion of
                  | mutation]
  2444 | D:3      | Gained mutation: You are robust. (+10% HP) [potion of
                  | mutation]
  2477 | D:3      | Found a runed translucent gate.
  2477 | D:3      | Found a runed translucent gate.
  2477 | D:3      | Found a runed translucent gate.
  2520 | D:3      | Noticed kharz's ghost (amateur DrTm)
  2560 | D:3      | Found a stormy altar of Qazlal.
  2758 | D:3      | Reached skill level 5 in Ice Magic
  3111 | D:3      | Found a glowing golden altar of the Shining One.
  3113 | D:3      | Noticed an angel
  3136 | D:3      | Found a basalt altar of Yredelemnul.
  3151 | D:3      | Noticed a profane servitor
  3314 | D:3      | Found an ornate altar of the Wu Jian Council.
  3398 | D:4      | Learned a level 4 spell: Hailstorm
  3403 | D:4      | Learned a level 4 spell: Summon Ice Beast
  3417 | D:4      | Reached XP level 6. HP: 17/30 MP: 10/14
  3523 | D:4      | Reached skill level 5 in Spellcasting
  3839 | D:4      | Noticed Grinder
  4025 | D:4      | Killed Grinder
  4025 | D:4      | Reached XP level 7. HP: 35/35 MP: 14/16
  4251 | D:5      | Entered Level 5 of the Dungeon
  4445 | D:5      | Reached skill level 6 in Spellcasting
  4475 | D:5      | Noticed Menkaure
  4484 | D:5      | Killed Menkaure
  4555 | D:5      | Found a staircase to the Ecumenical Temple.
  4633 | Temple   | Entered the Ecumenical Temple
  4841 | Temple   | Became a worshipper of Vehumet
  4920 | D:5      | Noticed Sigmund
  4931 | D:5      | Killed Sigmund
  5356 | D:6      | Reached skill level 7 in Spellcasting
  5356 | D:6      | Reached XP level 8. HP: 37/39 MP: 13/19
  5536 | D:6      | Found a runed translucent gate.
  5536 | D:6      | Found a runed translucent gate.
  5536 | D:6      | Found an opulent altar of Gozag.
  5536 | D:6      | Found a runed translucent gate.
  5536 | D:6      | Noticed Efficiency's ghost (novice DDDe)
  5780 | D:6      | Noticed a gargoyle
  5839 | D:6      | Killed a gargoyle
  5839 | D:6      | Reached skill level 8 in Spellcasting
  6160 | D:7      | Found Ohedor's Book Boutique.
  6316 | D:7      | Reached * piety under Vehumet
  6316 | D:7      | Offered knowledge of Magic Dart by Vehumet.
  6552 | D:7      | Reached XP level 9. HP: 42/42 MP: 22/22
  6671 | D:7      | Found Dyttacwe's Weapon Shoppe.
  6881 | D:7      | Found Ceocu's General Store.
  6907 | D:7      | Bought a scroll of teleportation for 39 gold pieces
  7110 | D:8      | Found a sparkling altar of Nemelex Xobeh.
  7247 | D:8      | Noticed a two-headed ogre
  7287 | D:8      | Killed a two-headed ogre
  7287 | D:8      | Reached skill level 9 in Spellcasting
  7570 | D:8      | Reached skill level 10 in Ice Magic
  7571 | D:8      | Reached skill level 10 in Spellcasting
  7664 | D:8      | Reached skill level 1 in Evocations
  7687 | D:8      | Found a staircase to the Lair.
  7695 | D:8      | Reached skill level 1 in Fighting
  7695 | D:8      | Reached skill level 1 in Conjurations
  7695 | D:8      | Reached skill level 1 in Summonings
  7699 | D:8      | Reached ** piety under Vehumet
  7699 | D:8      | Offered knowledge of Foxfire by Vehumet.
  7718 | D:8      | Reached XP level 10. HP: 24/49 MP: 11/25
  7747 | D:8      | Noticed a two-headed ogre
  7775 | D:8      | Killed a two-headed ogre
  7797 | D:8      | Found a snail-covered altar of Cheibriados.
  7801 | D:8      | Found a broken altar of Ashenzari.
  7801 | D:8      | Found a shadowy altar of Dithmenos.
  7801 | D:8      | Found an opulent altar of Gozag.
  7802 | D:8      | Found a stormy altar of Qazlal.
  8045 | D:7      | Found a runed translucent door.
  8045 | D:7      | Noticed Crazy Yiuf
  8049 | D:7      | Killed Crazy Yiuf
  8200 | D:8      | Found a burning altar of Makhleb.
  8548 | D:9      | Noticed Erica
  8834 | D:9      | Offered knowledge of Inner Flame by Vehumet.
  8874 | D:9      | Learned a level 3 spell: Inner Flame
  8996 | D:9      | Found a shimmering altar of Xom.
  8996 | D:9      | Found a shimmering altar of Xom.
  8997 | D:9      | Found a shimmering altar of Xom.
  8997 | D:9      | Found a shimmering altar of Xom.
  8998 | D:9      | Found a shimmering altar of Xom.
  9095 | D:9      | Reached skill level 1 in Shields
  9247 | D:9      | Reached *** piety under Vehumet
  9302 | D:9      | Found a staircase to the Orcish Mines.
  9337 | D:9      | Killed Erica
  9337 | D:9      | Reached skill level 11 in Spellcasting
  9544 | D:9      | Noticed a two-headed ogre
  9551 | D:9      | Killed a two-headed ogre
  9862 | D:10     | Entered Level 10 of the Dungeon
 10094 | D:10     | Reached XP level 11. HP: 57/57 MP: 13/27
 10294 | D:10     | Offered knowledge of Conjure Flame by Vehumet.
 10311 | D:10     | Learned a level 3 spell: Conjure Flame
 10959 | D:10     | Reached **** piety under Vehumet
 11143 | D:11     | Offered knowledge of Ignite Poison by Vehumet.
 11151 | D:11     | Learned a level 3 spell: Ignite Poison
 11535 | D:11     | Noticed a two-headed ogre
 11552 | D:11     | Killed a two-headed ogre
 12195 | D:11     | Noticed a two-headed ogre
 12207 | D:11     | Killed a two-headed ogre
 12207 | D:11     | Reached skill level 12 in Spellcasting
 12279 | D:11     | Reached ***** piety under Vehumet
 12400 | D:11     | Reached skill level 5 in Fighting
 12400 | D:11     | Reached skill level 5 in Summonings
 12458 | D:11     | Offered knowledge of Freezing Cloud by Vehumet.
 12470 | D:11     | Learned a level 6 spell: Freezing Cloud
 12895 | D:12     | Noticed a red ugly thing
 12913 | D:12     | Killed a red ugly thing
 13372 | D:12     | Noticed a lindwurm
 13373 | D:12     | Reached XP level 12. HP: 66/66 MP: 16/29
 13556 | D:12     | Reached skill level 5 in Conjurations
 14073 | D:12     | Noticed a two-headed ogre
 14089 | D:12     | Killed a two-headed ogre
 14089 | D:12     | Reached skill level 5 in Shields
 14349 | D:12     | Killed from afar by a lindwurm

Illustrated notes

Levels and vault maps discovered:
D:1:      dpeg_arrival_arbitrary_c, layout_basic, st_stairs_3,
          chequers_serial_rivers_marsh, minmay_misc_feat_pillars
D:2:      layout_loops_ring
D:3:      layout_rooms, grunt_temple_overflow_holy_war,
          lemuel_coloured_pillars_altar, gammafunk_ghost_nasty_kobolds,
          nicolae_qazlal_general_emergency
D:4:      layout_basic, uniq_grinder
D:5:      layout_basic, minmay_temple_entry_slanted, minmay_misc_feat_chi,
          uniq_menkaure, uniq_sigmund
D:6:      layout_rooms, ebering_ghost_gozag
D:7:      layout_rooms, serial_shops, nicolae_shop_stone, shop, shop,
          uniq_crazy_yiuf_cottage
D:8:      layout_cave_pools, grunt_temple_overflow_open, makhleb_grotto_becter,
          erik_lair_orcish_takeover
D:9:      layout_long_grid, orc_0_dummy, xom_redecorated, uniq_erica
D:10:     layout_roguey
D:11:     layout_gridville
D:12:     layout_irregular_city, serial_glass, glass_columns_b, glass_columns_a,
          minmay_lindwurm_lava
Temple:   minmay_temple_bridge_abc

Skill      XL: |  1  2  3  4  5  6  7  8  9 10 11 12 |
---------------+-------------------------------------+-----
Spellcasting   | 3 4 5 7 8 10 11 12 | 12.9
Ice Magic      | 4 5 6 7 8 10 | 10.0
Evocations     | 2 3 |  3.0
Fighting       | 1 3 5 |  5.0
Conjurations   | 1 3 4 5 |  5.0
Summonings     | 1 3 5 |  5.0
Shields        | 2 4 5 |  5.0
Dodging        | |  3.0
Stealth        | |  3.0

Action                   |  1- 3 |  4- 6 |  7- 9 | 10-12 || total
-------------------------+-------+-------+-------+-------++-------
Melee: Dagger            |     8 |    23 |    66 |   149 ||   246
       Kick              |       |     5 |    22 |    47 ||    74
Throw: Dart              |       |       |     1 |     1 ||     2
 Cast: Freeze            |    56 |    62 |    78 |   145 ||   341
       Frozen Ramparts   |       |     8 |    34 |    47 ||    89
       Summon Ice Beast  |       |     1 |    19 |    32 ||    52
       Hailstorm         |       |       |     3 |    84 ||    87
Evoke: Wand              |       |     2 |    39 |     8 ||    49
  Use: Scroll            |     3 |     6 |     6 |     9 ||    24
       Potion            |       |     3 |       |     1 ||     4
 Stab: Sleeping          |       |     2 |     1 |     1 ||     4
       Distracted        |       |       |     1 |     4 ||     5
Armor: Robe              |     4 |     8 |    24 |    48 ||    84
Dodge: Dodged            |    39 |    46 |   148 |   188 ||   421
Block: Buckler           |       |       |       |    75 ||    75

Table legend: (Time is in decaauts)
 A = Elapsed time spent in this place.
 B = Non-inter-level travel time spent in this place.
 C = Inter-level travel time spent in this place.
 D = Time resting spent in this place.
 E = Time spent auto-exploring this place.
 F = Levels seen in this place.
 G = Mean time per level.
                   A        B        C        D        E       F      G
               +--------+--------+--------+--------+--------+-----+--------+
         Total |  11524 |  11220 |    304 |   5127 |   3861 |  13 |  886.5 |
       Dungeon |  11377 |  11094 |    283 |   5127 |   3742 |  12 |  948.1 |
        Temple |    147 |    127 |     20 |      0 |    118 |   1 |  147.0 |
               +--------+--------+--------+--------+--------+-----+--------+

Top non-repeatable levels by time:
    D:11: 1485 daAuts
    D:12: 1346 daAuts
     D:8: 1026 daAuts
     D:1: 1024 daAuts
     D:9: 966 daAuts
    D:10: 957 daAuts
     D:7: 916 daAuts
     D:2: 840 daAuts
     D:3: 800 daAuts
     D:6: 734 daAuts
     D:4: 643 daAuts
     D:5: 634 daAuts
  Temple: 147 daAuts
